 Dungeon Crawl Stone Soup version 0.30.1-9-gdf580d7c3d (webtiles) character file.

Game seed: 7913663107082662851

1168 DolphinCoinslot the Slasher (level 8, -20/91 HPs)
             Began as a Demonspawn Berserker on Sept 27, 2023.
             Was a Priest of Trog.
             Demolished by a two-headed ogre
             ... wielding a +0 giant spiked club
              (28 damage)
             ... on level 6 of the Dungeon.
             The game lasted 00:27:48 (4505 turns).

DolphinCoinslot the Slasher (Demonspawn Berserker)  Turns: 4505, Time: 00:27:52

Health: -20/91     AC: 14    Str: 19    XL:     8   Next: 17%
Magic:  8/8        EV: 12    Int:  9    God:    Trog [***...]
Gold:   280        SH:  0    Dex: 19    Spells: 7/7 levels left

rFire   . . .        a - +0 falchion
rCold   . . .        (no shield)
rNeg    . . .        v - quicksilver dragon scales
rPois   .            (no helmet)
rElec   .            (no cloak)
rCorr   .            (no gloves)
SInv    .            d - +1 pair of boots
Will    +....        (no amulet) Stlth
                     j - +6 ring of dexterity
HPRegen 0.35/turn    (no ring)
MPRegen 0.11/turn

%: no passive effects
@: berserking (expiring), studying Staves, very quick
A: hooves 2, spiny 1, sharp scales 1
a: Renounce Religion, Berserk, Trog's Hand


You were on level 6 of the Dungeon.
You worshipped Trog.
Trog was most pleased with you.
You visited 2 branches of the dungeon, and saw 7 of its levels.

You collected 280 gold pieces.

Inventory:

Hand Weapons
 a - a +0 falchion (weapon)
 t - a +3 shortbow of draining
Armour
 b - a +0 animal skin
 d - a +1 pair of boots (worn)
 g - a +0 scale mail of cold resistance
 v - quicksilver dragon scales (worn)
 x - +0 storm dragon scales
Magical Staves
 u - a staff of cold
Jewellery
 j - a +6 ring of dexterity (left hand)
 m - a ring of resist corrosion
Wands
 n - a wand of polymorph (14) (quivered)
 z - a wand of roots (7)
Scrolls
 c - 3 scrolls of acquirement {unknown}
 e - a scroll of immolation {unknown}
 f - 4 scrolls of identify {unknown}
 i - a scroll of teleportation {unknown}
 k - a scroll of vulnerability {unknown}
 o - a scroll of noise {unknown}
 q - 2 scrolls of magic mapping {unknown}
 y - a scroll of fog {unknown}
Potions
 h - 2 potions of cancellation {unknown}
 l - 2 potions of degeneration {unknown}
 p - 3 potions of flight {unknown}
 r - a potion of might {unknown}
 s - a potion of heal wounds {unknown}
 w - a potion of curing {unknown}


   Skills:
 + Level 4.9 Fighting
 + Level 6.5 Long Blades
 + Level 4.7 Armour
 + Level 3.3 Dodging
 + Level 1.1 Stealth


You had 7 spell levels left.
You didn't know any spells.
Your spell library contained the following spells:

 Spells                   Type           Power      Damage    Failure   Level
 Ozocubu's Armour         Ice            0%         N/A       90%         3
 Vhi's Electric Charge    Tloc/Air       0%         N/A       90%         3
 Arcjolt                  Conj/Air       0%         1d10      100%        5
 Plasma Beam              Fire/Air       0%         2x1d11    100%        6
 Ozocubu's Refrigeration  Ice            0%         4d7       100%        7


Dungeon Overview and Level Annotations

Branches:
Dungeon (6/15)             Temple (1/1) D:4

Altars:
Cheibriados
Dithmenos
Fedhas
Gozag
Hepliaklqana
Makhleb
Nemelex Xobeh
Qazlal
Ru
Sif Muna
Uskayaw
Vehumet
Wu Jian
Xom
Yredelemnul

Shops:
D:3 =

Annotations:
D:5 2 transporters, BuzzardItera's ghost, amateur HuBe


Innate Abilities, Weirdness & Mutations

You have hoof-like feet.
You are partially covered in sharp spines.
You are partially covered in razor-sharp scales. (AC +1, Slay +1)


Message History

The two-headed ogre hits you with a +0 giant spiked club! x2
You barely miss the two-headed ogre.
The two-headed ogre is lightly wounded.
Something hits you but does no damage.
You hit the two-headed ogre.
The two-headed ogre is lightly wounded.
You hear some strange, mumbled words.
A puff of flame appears from out of thin air!
The puff of flame hits you!
The two-headed ogre is struck by your spines.
The two-headed ogre closely misses you. The two-headed ogre barely misses you.
You hit the two-headed ogre.
The two-headed ogre is moderately wounded.
An orc comes into view. It is wielding a +0 mace.
You hear some strange, mumbled words.
A puff of flame appears from out of thin air!
The puff of flame hits you!
You don't know any spells.
You don't know any spells.
You are too berserk!
You slash the two-headed ogre!
The two-headed ogre is heavily wounded.
Your skin stops crawling.
You feel less strong-willed. The two-headed ogre closely misses you.
The two-headed ogre barely misses you.
You slash the two-headed ogre!
The two-headed ogre is severely wounded.
Something hits you but does no damage.
You hit the two-headed ogre.
The two-headed ogre is severely wounded.
Trog accepts your kill.
Trog appreciates your killing of a magic user.
Reactivating autopickup.
You feel a bit more experienced.
You hit the two-headed ogre. You punch the two-headed ogre.
The two-headed ogre is almost dead.
The two-headed ogre is struck by your spines.
The two-headed ogre hits you with a +0 giant spiked club!!
* * * LOW HITPOINT WARNING * * *
The two-headed ogre hits you with a +0 giant spiked club!!
You die...

#........#
##.......#
#...#...#
#..##...#
#######.######
#.........#
#.........#
#......)).#
#######@###
#O#


ooo o5l.. ....... .......$# #........# #........# You could see a two-headed
ogre, an iguana, a shadow imp and 4 orcs.

Vanquished Creatures
  Menkaure (D:4)
  3 centaurs (D:5)
  A bullfrog (D:6)
  A gnoll sergeant (D:6)
  3 scorpions
  2 jellies
  A gnoll bouda (D:5)
  An orc priest (D:6)
  4 iguanas
  2 sleepcaps
  An orc wizard (D:6)
  10 gnolls
  4 adders
  An ufetubus (D:5)
  3 worms
  A dart slug (D:3)
  An orc (D:4)
  4 endoplasms
  4 giant cockroaches
  5 hobgoblins
  6 quokkas
  13 ball pythons
  3 bats
  2 frilled lizards
  3 goblins
  5 kobolds
  5 rats
90 creatures vanquished.

Notes
Turn   | Place    | Note
-------+----------+-------------------------------------------
     0 | D:1      | DolphinCoinslot the Demonspawn Berserker began the quest
                  | for the Orb.
     0 | D:1      | Reached XP level 1. HP: 18/18 MP: 1/1
   215 | D:1      | You fall into a shaft and drop 1 floor!
   304 | D:1      | Reached skill level 3 in Long Blades
   304 | D:1      | Gained mutation: You have large cloven feet. [demonic
                  | ancestry]
   304 | D:1      | Reached XP level 2. HP: 24/24 MP: 2/2
   879 | D:2      | Gained mutation: You have hoof-like feet. [demonic
                  | ancestry]
   879 | D:2      | Reached XP level 3. HP: 29/29 MP: 3/3
  1081 | D:2      | Reached ** piety under Trog
  1560 | D:3      | Found Futyaliz's Jewellery Boutique.
  1904 | D:3      | Found a shimmering altar of Xom.
  1971 | D:4      | Gained mutation: You are partially covered in sharp spines.
                  | [demonic ancestry]
  1971 | D:4      | Reached XP level 4. HP: 27/36 MP: 4/4
  2196 | D:4      | Reached skill level 4 in Long Blades
  2196 | D:4      | Reached XP level 5. HP: 7/42 MP: 5/5
  2477 | D:4      | Found a staircase to the Ecumenical Temple.
  2488 | Temple   | Entered the Ecumenical Temple
  2670 | D:4      | Noticed Menkaure
  2694 | D:4      | Killed Menkaure
  2695 | D:4      | Gained mutation: You are partially covered in razor-sharp
                  | scales. (AC +1, Slay +1) [demonic ancestry]
  2695 | D:4      | Reached XP level 6. HP: 4/48 MP: 6/6
  3062 | D:5      | Entered Level 5 of the Dungeon
  3077 | D:5      | Found a transporter.
  3080 | D:5      | Noticed BuzzardItera's ghost (amateur HuBe)
  3081 | D:5      | Found a transporter.
  3301 | D:5      | Reached skill level 5 in Long Blades
  3435 | D:5      | Reached XP level 7. HP: 27/54 MP: 7/7
  3563 | D:5      | Reached skill level 1 in Stealth
  3769 | D:5      | Reached skill level 6 in Long Blades
  4300 | D:6      | Reached XP level 8. HP: 48/61 MP: 8/8
  4308 | D:6      | Reached *** piety under Trog
  4490 | D:6      | Noticed a two-headed ogre
  4505 | D:6      | Demolished by a two-headed ogre

Illustrated notes

Levels and vault maps discovered:
D:1:      dpeg_arrival_long_road, layout_loops_corners, item_on_display_a
D:2:      layout_basic, minmay_hedge_maze
D:3:      layout_rooms, mainiacjoe_overflow_concentric_impassable, serial_shops,
          shop_statue, kennysheep_generic_room_11
D:4:      layout_rooms, minmay_temple_entry_statues, minmay_checkerbox,
          uniq_menkaure
D:5:      layout_loops_corners, gammafunk_ghost_mausoleum, minmay_manual_mares
D:6:      layout_basic, ebering_ghost_disaster_area, hangedman_decor_growths,
          serial_park_tiny_1
Temple:   regret_index_temple_sphere_string

Skill      XL: |  1  2  3  4  5  6  7 |
---------------+----------------------+-----
Long Blades    | 3 4 5 6 |  6.5
Dodging        | 2 3 |  3.3
Armour         | 2 3 4 |  4.7
Fighting       | 4 |  4.9
Stealth        | 1 |  1.1

Action                     |  1- 3 |  4- 6 |  7- 9 || total
---------------------------+-------+-------+-------++-------
  Melee: Falchion          |   159 |    79 |    93 ||   331
         Punch             |     2 |     2 |     1 ||     5
 Invoke: Berserk           |       |       |     3 ||     3
         Trog's Hand       |       |       |     2 ||     2
   Stab: Sleeping          |     1 |       |       ||     1
 Armour: Animal skin       |    11 |       |       ||    11
         Scale mail        |    51 |    18 |    12 ||    81
         Quicksilver drago |       |       |    36 ||    36
  Dodge: Dodged            |    66 |    70 |    60 ||   196
